 Dungeon Crawl Stone Soup version 0.24.0-123-gd5b16e6ec5 (webtiles) character file.

Game seed: 5516095596043942270, levelgen mode: deterministic

369 sagitran the Poker (level 6, -9/43 HPs)
             Began as a Merfolk Gladiator on Dec 25, 2019.
             Was an Initiate of Hepliaklqana.
             Killed from afar by Dowan (19 damage)
             ... with a shard of ice
             ... on level 4 of the Dungeon.
             The game lasted 00:11:37 (2433 turns).

sagitran the Poker (Merfolk Gladiator)              Turns: 2433, Time: 00:11:39

Health: -9/43      AC:  4    Str: 18 (21) XL:     6   Next: 70%
Magic:  6/6        EV: 14    Int:  6 (8)  God:    Hepliaklqana [......]
Gold:   146        SH:  0    Dex: 14 (15) Spells: 5/5 levels left

rFire    + . .     SeeInvis .   a - +0 trident
rCold    x . .     Gourm    .   (no shield)
rNeg     . . .     Faith    .   b - +0 leather armour
rPois    .         Spirit   .   c - +0 helmet
rElec    .         Reflect  .   (no cloak)
rCorr    .         Harm     .   (no gloves)
MR       .....                  (no boots)
Stlth    +.........             (no amulet)
HPRegen  0.14/turn              q - ring of fire
MPRegen  0.10/turn              (no ring)

@: mighty
A: change form in water, swift swim, stealthy swim, reduced essence
a: Recall Ancestor, Ancestor Identity, Renounce Religion


You were on level 4 of the Dungeon.
You worshipped Hepliaklqana.
Hepliaklqana was noncommittal.
You were hungry.

You visited 2 branches of the dungeon, and saw 5 of its levels.

You collected 146 gold pieces.

Inventory:

Hand Weapons
 a - a +0 trident (weapon)
Missiles
 d - a throwing net (quivered)
Armour
 b - a +0 leather armour (worn)
 c - a +0 helmet (worn)
Jewellery
 q - a ring of fire (left hand)
Scrolls
 j - a scroll of random uselessness
 k - 5 scrolls of identify
 l - 2 scrolls of fog {unknown}
 m - 2 scrolls of remove curse
 n - a scroll of enchant weapon {unknown}
 o - a scroll of magic mapping {unknown}
 p - a scroll of enchant armour {unknown}
 r - a scroll of blinking {unknown}
 s - 3 scrolls of teleportation {unknown}
Potions
 e - a potion of degeneration
 g - 3 potions of curing
 i - a potion of flight {unknown}
 t - 2 potions of lignification {unknown}
 u - a potion of mutation {unknown}
Comestibles
 f - 5 rations


   Skills:
 + Level 3.8 Fighting
 + Level 7.5 Polearms
 + Level 2.1 Throwing
 + Level 1.5 Armour
 + Level 5.4 Dodging
 + Level 1.1 Stealth


You had 5 spell levels left.
You didn't know any spells.
Your spell library was empty.

Dungeon Overview and Level Annotations

Branches:
Dungeon (4/15)             Temple (1/1) D:4

Altars:
Ashenzari
Dithmenos
Fedhas
Hepliaklqana
Kikubaaqudgha
Qazlal
Sif Muna
Xom
Yredelemnul
Zin

Annotations:
D:4 Dowan


Message History

There was something very wrong with that liquid.
You feel weakened.
You feel dopey.
You feel clumsy.
* * * LOW HITPOINT WARNING * * *
You feel sick.
Duvessa hits you with a +0 short sword of venom.
* * * LOW HITPOINT WARNING * * *
You are more poisoned.
It was a potion of curing.
You feel better. Duvessa barely misses you.
Dowan says, "Magic and the sword, together, will defeat you."
It was a potion of might.
You feel very mighty all of a sudden. Duvessa misses you.
You impale Duvessa!!
You kill Duvessa!
Dowan screams, "No!
No!"
Dowan seems to find hidden reserves of power!
You feel your dexterity returning. Dowan casts a spell at you.
The shard of ice hits you!!
You feel a painful chill!
You die...

###[##...[...#####
..[.###...........#..#
###.# ###########.#..#
#.# #.)......#.....#
#.# #.######.#.....#
#.# #.#
#.#.....#####.. #.#
#.# #.# ...........
#.# #.#
#.####........> #.#
#.# #.R@e...# #.#
#.############## #.#
#...........# #.#
###########.# #.# #.#
#.# #.# #.# #.# #.#
#.# #.# #.#


You could see the friendly Ur-Dumizida the ancestor and Dowan.

Vanquished Creatures
  Duvessa (D:4)
  An ogre (D:4)
  An orc wizard (D:4)
  2 worker ants (D:4)
  A hound zombie (D:3)
  3 oozes (D:1)
  3 worms (D:2)
  3 dart slugs
  2 leopard geckos
  6 orcs
  8 bats
  5 goblins
  5 hobgoblins
  2 jackals (D:1)
  2 ball pythons
  6 frilled lizards
  8 kobolds
  4 rats
63 creatures vanquished.

Vanquished Creatures (others)
  An ancestor (D:4)
1 creature vanquished.

Grand Total: 64 creatures vanquished

Notes
Turn   | Place    | Note
-------+----------+-------------------------------------------
     0 | D:1      | sagitran the Merfolk Gladiator began the quest for the Orb.
     0 | D:1      | Reached XP level 1. HP: 16/16 MP: 1/1
    40 | D:1      | Reached XP level 2. HP: 22/22 MP: 2/2
   174 | D:1      | Reached skill level 5 in Polearms
   174 | D:1      | Reached XP level 3. HP: 27/27 MP: 3/3
   408 | D:1      | Reached skill level 5 in Dodging
   793 | D:2      | Reached XP level 4. HP: 21/34 MP: 4/4
  1423 | D:3      | Found a stormy altar of Qazlal.
  1870 | D:4      | Reached skill level 6 in Polearms
  1870 | D:4      | Reached XP level 5. HP: 27/41 MP: 5/5
  2233 | D:4      | Found a staircase to the Ecumenical Temple.
  2239 | Temple   | Entered the Ecumenical Temple
  2282 | Temple   | Became a worshipper of Hepliaklqana the Forgotten
  2360 | D:4      | Reached skill level 1 in Armour
  2388 | D:4      | Noticed an ogre
  2399 | D:4      | Killed an ogre
  2399 | D:4      | Reached skill level 7 in Polearms
  2399 | D:4      | Reached skill level 1 in Stealth
  2399 | D:4      | Reached XP level 6. HP: 42/42 MP: 6/6
  2415 | D:4      | Noticed Duvessa
  2416 | D:4      | Noticed Dowan
  2433 | D:4      | Killed Duvessa
  2433 | D:4      | Killed from afar by Dowan

Levels and vault maps discovered:
D:1:      saegor_arrival_simple_a, layout_loops_ring
D:2:      layout_rooms
D:3:      layout_basic, old_standard_altar, serial_forest,
          infiniplex_forest_clump_curved, infiniplex_forest_lined_room_2,
          infiniplex_forest_clump_C, infiniplex_forest_lined_corner,
          infiniplex_forest_diagonal, infiniplex_forest_lined_3,
          infiniplex_forest_lined_corner, minmay_crystal_room
D:4:      layout_basic, minmay_temple_entry_fiery, first_ration, uniq_duvessa
Temple:   eino_temple_rhombus

Skill      XL: |  1  2  3  4  5 |
---------------+----------------+-----
Polearms       | 5 6 7 |  7.5
Dodging        | 5 |  5.4
Fighting       | 3 |  3.8
Armour         | 1 |  1.5
Stealth        | 1 |  1.1
Throwing       | |  2.1

Action                   |  1- 3 |  4- 6 || total
-------------------------+-------+-------++-------
Melee: Trident           |   101 |   121 ||   222
Throw: Throwing net      |       |     4 ||     4
Invok: Ancestor Identity |       |     1 ||     1
  Use: Scroll            |       |     3 ||     3
       Potion            |       |     3 ||     3
 Stab: Sleeping          |     2 |     2 ||     4
  Eat: Ration            |       |     1 ||     1
       Chunk             |       |     1 ||     1
Armor: Leather armour    |    17 |    25 ||    42
Dodge: Dodged            |    58 |    81 ||   139
